[Event "Guimaraes Open 2019"]
[Site "Guimaraes"]
[Date "2019.08.31"]
[Round "5.10"]
[White "Ruperez Benito, Antonio"]
[Black "Carbonell Sancho, Marc"]
[Result "1-0"]
[ECO "C00"]
[WhiteElo "2331"]
[BlackElo "2187"]
[Annotator "NA"]
[PlyCount "63"]
[EventDate "2019.08.28"]
[EventType "swiss"]
[EventCountry "POR"]
[SourceTitle "playchess.com"]
[Source "ChessBase"]
[SourceQuality "1"]
[TimeControl "5400+30"]

1. e4 e6 2. b3 d5 3. Bb2 dxe4 4. Nc3 Nf6 5. Qe2 Bb4 6. O-O-O Qe7 7. Nxe4 Ba3 8. Nxf6+ Qxf6 9. d4 Bxb2+ 10. Kxb2 O-O 11. Nf3 Nd7 12. Qe3 a5 13. a4 Re8 14. Ne5 Nb6 15. Bd3 Nd5 16. Qe4 g6 17. g3 Qg7 18. h4 f6 19. Nf3 Bd7 20. h5 Kf7 21. hxg6+ hxg6 22. c4 Nb4 23. Qf4 Kg8 24. Be4 c5 25. Rh6 g5 26. Qxf6 Qf8 27. Qxf8+ {[%emt 0:00:00] Bc6 Rg6+} Kxf8 28. Bc6 Nxc6 29. dxc5 Rad8 {[%emt 0:23:44] Rh1} 30. Rd3 {[%emt 0:02:23] Nxg5} Nd4 31. Rh8+ Ke7 32. Rh7+ {[%emt 0:00:00] Kd8 Nf7+ Kc7 Ne5+} 1-0

[Event "Guimaraes Open 2019"]
[Site "Guimaraes"]
[Date "2019.08.31"]
[Round "5.11"]
[White "Rodrigues, Afonso"]
[Black "Sanchez Aller, Fernando"]
[Result "0-1"]
[ECO "A45"]
[WhiteElo "2134"]
[BlackElo "2331"]
[Annotator "NA"]
[PlyCount "48"]
[EventDate "2019.08.28"]
[EventType "swiss"]
[EventCountry "POR"]
[SourceTitle "playchess.com"]
[Source "ChessBase"]
[SourceQuality "1"]
[TimeControl "5400+30"]

1. d4 Nf6 2. Bf4 g6 3. e3 Bg7 4. Nf3 O-O 5. Be2 d6 6. h3 c5 7. c3 b6 8. O-O Bb7 9. Bh2 Nbd7 10. a4 a6 11. Nbd2 Ra7 12. b4 Qa8 13. bxc5 bxc5 14. Nc4 Ne4 15. Qb3 Bd5 16. Qa3 Rc8 17. Rfc1 Rac7 18. Na5 cxd4 19. cxd4 Nc3 20. Bc4 Rxc4 21. Nxc4 Ne2+ 22. Kf1 Nxc1 23. Na5 Bxf3 24. gxf3 Qd5 0-1

[Event "Guimaraes Open 2019"]
[Site "Guimaraes"]
[Date "2019.08.31"]
[Round "5.12"]
[White "Camarena Jimenez, Rufino"]
[Black "Garcia Romero, Benjamin Abel"]
[Result "0-1"]
[ECO "D11"]
[WhiteElo "2317"]
[BlackElo "2164"]
[Annotator "NA"]
[PlyCount "140"]
[EventDate "2019.08.28"]
[EventType "swiss"]
[EventCountry "POR"]
[SourceTitle "playchess.com"]
[Source "ChessBase"]
[SourceQuality "1"]
[TimeControl "5400+30"]

1. d4 d5 2. c4 c6 3. Nf3 Nf6 4. e3 a6 5. Bd3 Bg4 6. Nbd2 Nbd7 7. Qc2 e6 8. b3 Bd6 9. Bb2 Qe7 10. O-O Bxf3 11. Nxf3 Ba3 12. Bxa3 Qxa3 13. b4 a5 14. b5 dxc4 15. Bxc4 c5 16. e4 cxd4 17. e5 d3 18. Bxd3 Nd5 19. Bxh7 g6 20. Bxg6 fxg6 21. Qxg6+ Kd8 22. Qxe6 Nf4 23. Qg4 Qb4 24. Nd4 Rf8 25. Rfd1 Ke8 26. Nc6 Ne2+ 27. Qxe2 bxc6 28. bxc6 Nc5 29. e6 Rf5 30. Rab1 Qf4 31. e7 Re5 32. Qc2 Kxe7 33. Qh7+ Kf6 34. g3 Qf5 35. Qh4+ Kg6 36. c7 Rf8 37. f4 Ne6 38. Rb8 Rc5 39. Rxf8 Nxf8 40. Qd8 Nh7 41. Qe8+ Kh6 42. Rd6+ Nf6 43. Qf8+ Kh5 44. Qf7+ Kg4 45. Rd1 Rc2 46. c8=Q Rxc8 47. Qg7+ Kh3 48. Qh6+ Nh5 49. Qb6 Rc2 50. Qe3 Qg4 51. Rd2 Rc1+ 52. Kf2 Rh1 53. Re2 Rxh2+ 54. Ke1 Rh1+ 55. Kd2 Nxg3 56. Re1 Qd7+ 57. Kc3 Qc6+ 58. Kb2 Rh2+ 59. Ka1 Qc4 60. Qe6+ Qxe6 61. Rxe6 Kg4 62. Re5 a4 63. Ra5 Kxf4 64. Rxa4+ Ne4 65. Rb4 Ke3 66. Rb2 Nd2 67. a4 Kd3 68. Rb8 Kc3 69. Rc8+ Kb3 70. Rb8+ Ka3 0-1

[Event "Guimaraes Open 2019"]
[Site "Guimaraes"]
[Date "2019.08.31"]
[Round "5.13"]
[White "Pinheiro, Albano Pedro"]
[Black "Nieves Cabanes, Jose Manuel"]
[Result "0-1"]
[ECO "C01"]
[WhiteElo "1989"]
[BlackElo "2311"]
[Annotator "NA"]
[PlyCount "68"]
[EventDate "2019.08.28"]
[EventType "swiss"]
[EventCountry "POR"]
[SourceTitle "playchess.com"]
[Source "ChessBase"]
[SourceQuality "1"]
[TimeControl "5400+30"]

1. e4 e6 2. d4 d5 3. exd5 exd5 4. Nf3 Nf6 5. Bd3 c5 6. Qe2+ Be7 7. dxc5 O-O 8. O-O Bxc5 9. Bg5 h6 10. Bh4 Nc6 11. h3 Qd6 12. Bxf6 Qxf6 13. Nc3 Be6 14. Nd2 Bd4 15. Qf3 Qg5 16. Rfd1 Ne5 17. Qe2 Bxh3 18. Qf1 Nxd3 19. cxd3 Bg4 20. Nb3 Bxc3 21. bxc3 Bxd1 22. Qxd1 Rac8 23. Rc1 Rc6 24. Nd4 Rg6 25. g3 f5 26. Nf3 Qe7 27. Qb3 Rxg3+ 28. fxg3 Qe3+ 29. Kg2 Qxc1 30. Qxd5+ Kh7 31. Qc5 Rf6 32. d4 Qc2+ 33. Kh3 f4 34. Qh5 Rf5 0-1

[Event "Guimaraes Open 2019"]
[Site "Guimaraes"]
[Date "2019.08.31"]
[Round "5.14"]
[White "Garcia Moreno, Carlos"]
[Black "Bukhteeva, Viktoria"]
[Result "1-0"]
[ECO "B40"]
[WhiteElo "2292"]
[BlackElo "2128"]
[Annotator "NA"]
[PlyCount "83"]
[EventDate "2019.08.28"]
[EventType "swiss"]
[EventCountry "POR"]
[SourceTitle "playchess.com"]
[Source "ChessBase"]
[SourceQuality "1"]
[TimeControl "5400+30"]

1. e4 c5 2. Nf3 e6 3. d4 cxd4 4. Nxd4 Nf6 5. Nc3 Nc6 6. Ndb5 Bc5 7. Bf4 O-O 8. Bc7 Qe7 9. Bd6 Bxd6 10. Qxd6 Qd8 11. O-O-O a6 12. Nd4 Qb6 13. Nxc6 bxc6 14. f3 Ne8 15. Qd4 Qxd4 16. Rxd4 d5 17. Ra4 Nc7 18. Ra5 Rd8 19. Bd3 Rb8 20. Re1 dxe4 21. Bxe4 Nd5 22. Rc5 Bd7 23. Bd3 Rb6 24. Re4 Rdb8 25. b3 Kf8 26. Ra4 Ra8 27. Raa5 Ke7 28. Na4 Rbb8 29. Nb2 Nb4 30. Be2 f6 31. c4 e5 32. a3 Na2+ 33. Kc2 Rxb3 34. Kxb3 Nc1+ 35. Kc2 Nxe2 36. Rxe5+ fxe5 37. Rxe5+ Kf6 38. Rxe2 c5 39. Kc3 Bf5 40. g4 Be6 41. Nd3 Rc8 42. Re5 1-0

[Event "Guimaraes Open 2019"]
[Site "Guimaraes"]
[Date "2019.08.31"]
[Round "5.15"]
[White "Pintor, Simao Maciel Abranch"]
[Black "Alonso Garcia, Aaron"]
[Result "1-0"]
[ECO "A04"]
[WhiteElo "2076"]
[BlackElo "2291"]
[Annotator "NA"]
[PlyCount "151"]
[EventDate "2019.08.28"]
[EventType "swiss"]
[EventCountry "POR"]
[SourceTitle "playchess.com"]
[Source "ChessBase"]
[SourceQuality "1"]
[TimeControl "5400+30"]

1. Nf3 c5 2. c4 Nc6 3. b3 e5 4. Nc3 g6 5. Bb2 Bg7 6. Nd5 Nge7 7. g3 d6 8. Bg2 O-O 9. O-O h6 10. Ne1 Be6 11. Nc2 Qd7 12. Re1 Bh3 13. Bh1 f5 14. f4 Rae8 15. d3 Nxd5 16. cxd5 Nd4 17. Qd2 Nxc2 18. Qxc2 exf4 19. gxf4 Re3 20. Bf3 g5 21. Kf2 Qe7 22. Rg1 Re8 23. Rg3 g4 24. Rag1 Bxb2 25. Qxb2 Qh4 26. b4 c4 27. dxc4 Kh7 28. c5 Qe7 29. cxd6 Qd7 30. Rxh3 Qxd6 31. Qd4 Qg6 32. Bxg4 R3e4 33. Bxf5 Rxe2+ 34. Kf3 R8e3+ 35. Qxe3 Rxe3+ 36. Kxe3 Qxf5 37. Rhg3 h5 38. Rg7+ Kh8 39. R7g5 Qh3+ 40. Ke4 Qxh2 41. Kf5 Qc2+ 42. Ke6 Qc8+ 43. Ke5 Qc3+ 44. Kf5 Qc2+ 45. Kf6 Qc3+ 46. Kg6 Kg8 47. Kxh5+ Kf7 48. Rg7+ Kf6 49. R1g6+ Kf5 50. Rf7+ Ke4 51. Re6+ Kxd5 52. Re5+ Kd6 53. Rf6+ Kd7 54. Kg6 Qxb4 55. Rd5+ Ke7 56. Rf7+ Ke6 57. Rdd7 Qb1+ 58. f5+ Ke5 59. Rfe7+ Kf4 60. Rd4+ Kf3 61. Rde4 Qg1+ 62. Kf7 Qc5 63. R4e5 Qc4+ 64. Kf8 Qc6 65. f6 Kf4 66. f7 Qh6+ 67. Ke8 Qc6+ 68. Rd7 Kxe5 69. f8=Q Qc8+ 70. Rd8 Qc6+ 71. Kf7 Qf3+ 72. Kg8 Qh3 73. Qd6+ Ke4 74. Re8+ Kf3 75. Qd3+ Kg2 76. Re2+ 1-0

[Event "Guimaraes Open 2019"]
[Site "Guimaraes"]
[Date "2019.08.31"]
[Round "5.16"]
[White "Gonzalez Eiris, Daniel"]
[Black "Jimenez Martinez, Jose Vicente"]
[Result "0-1"]
[ECO "B06"]
[WhiteElo "1977"]
[BlackElo "2264"]
[Annotator "NA"]
[PlyCount "90"]
[EventDate "2019.08.28"]
[EventType "swiss"]
[EventCountry "POR"]
[SourceTitle "playchess.com"]
[Source "ChessBase"]
[SourceQuality "1"]
[TimeControl "5400+30"]

1. e4 d6 2. d4 g6 3. Nc3 Bg7 4. Bg5 Nd7 5. Qd2 c5 6. Nge2 Ngf6 7. f3 Qa5 8. Bh6 Bxh6 9. Qxh6 b5 10. dxc5 b4 11. Nd5 Nxd5 12. exd5 Qxc5 13. Qg7 Rf8 14. Qd4 Qxd4 15. Nxd4 Nb6 16. Nb5 Kd8 17. c4 bxc3 18. Nxc3 Bb7 19. O-O-O Rc8 20. Kb1 Rc5 21. Nb5 Nxd5 22. Nxa7 Ra5 23. Nb5 Ne3 24. Nxd6 exd6 25. Rxd6+ Kc7 26. Rd3 Re8 27. b4 Rd5 28. Rc3+ Kb6 29. Bc4 Nxc4 30. Rxc4 Re2 31. Rc2 Rdd2 32. Rxd2 Rxd2 33. a4 Rxg2 34. Rd1 Bxf3 35. Rd6+ Kc7 36. Rf6 Be4+ 37. Ka1 Bd5 38. a5 Rg4 39. Rb6 Rg2 40. h4 f5 41. Rf6 Ra2+ 42. Kb1 Ra4 43. Rb6 f4 44. Rb5 Be4+ 45. Kc1 f3 0-1

[Event "Guimaraes Open 2019"]
[Site "Guimaraes"]
[Date "2019.08.31"]
[Round "5.17"]
[White "Fidalgo, Andre Neves"]
[Black "Gomez Peco, David"]
[Result "1-0"]
[ECO "E62"]
[WhiteElo "2261"]
[BlackElo "2104"]
[Annotator "NA"]
[PlyCount "101"]
[EventDate "2019.08.28"]
[EventType "swiss"]
[EventCountry "POR"]
[SourceTitle "playchess.com"]
[Source "ChessBase"]
[SourceQuality "1"]
[TimeControl "5400+30"]

1. d4 Nf6 2. c4 g6 3. g3 Bg7 4. Bg2 O-O 5. Nf3 d6 6. O-O Nc6 7. Nc3 e5 8. dxe5 Nxe5 9. Nxe5 dxe5 10. Qb3 c6 11. Be3 Qc7 12. Rfd1 Be6 13. Bc5 Rfd8 14. Rxd8+ Rxd8 15. Bxa7 b5 16. Be3 Bxc4 17. Qc2 Nd5 18. Nxd5 Bxd5 19. Bxd5 Rxd5 20. Rc1 Rd6 21. b3 Bf8 22. Bc5 Re6 23. a4 bxa4 24. bxa4 Qa5 25. Bxf8 Kxf8 26. Qe4 Qd5 27. Qb4+ Kg7 28. a5 Qa2 29. Qe1 Qa3 30. Ra1 Qc5 31. a6 Qa7 32. Qb1 c5 33. Qd3 f6 34. Ra5 Rc6 35. Qb5 Rc7 36. Ra4 Rd7 37. Ra1 Rd6 38. Ra5 h5 39. Qc4 Qa8 40. Ra1 Qa7 41. h4 Rc6 42. Kh2 Rc7 43. Rd1 Qb8 44. Rd6 Qg8 45. Qb5 c4 46. Rd7+ Rxd7 47. Qxd7+ Kh6 48. Qd2+ Kg7 49. a7 Qa8 50. Qd7+ Kh6 51. Qc7 1-0

[Event "Guimaraes Open 2019"]
[Site "Guimaraes"]
[Date "2019.08.31"]
[Round "5.18"]
[White "Lopez Gonzalez, Alfonso"]
[Black "Martins, Diogo Faria Oliveira"]
[Result "0-1"]
[ECO "A67"]
[WhiteElo "2219"]
[BlackElo "1984"]
[Annotator "NA"]
[PlyCount "132"]
[EventDate "2019.08.28"]
[EventType "swiss"]
[EventCountry "POR"]
[SourceTitle "playchess.com"]
[Source "ChessBase"]
[SourceQuality "1"]
[TimeControl "5400+30"]

1. d4 Nf6 2. c4 c5 3. d5 e6 4. Nc3 exd5 5. cxd5 d6 6. e4 g6 7. f4 Bg7 8. Bb5+ Nfd7 9. a4 O-O 10. Nf3 Na6 11. O-O Nc7 12. Bc4 a6 13. Be3 Rb8 14. a5 b5 15. axb6 Nxb6 16. Ba2 Nb5 17. e5 Bg4 18. h3 Bxf3 19. Qxf3 Nd4 20. Bxd4 cxd4 21. Ne4 dxe5 22. fxe5 Bxe5 23. d6 Kg7 24. Qb3 Qd7 25. Ng5 Rb7 26. Rf3 Nc8 27. Qd5 Rb5 28. Rxf7+ Rxf7 29. Qxf7+ Qxf7 30. Nxf7 Nxd6 31. Nxd6 Bxd6 32. Bc4 Rxb2 33. Rxa6 Bg3 34. Ra3 Rb1+ 35. Bf1 Be1 36. Rd3 Rb2 37. Rf3 h5 38. Bc4 h4 39. Kf1 Bg3 40. Kg1 Rb1+ 41. Rf1 Rb4 42. Bd3 Rb3 43. Rf3 Rc3 44. Ba6 Rc6 45. Bd3 Rc1+ 46. Rf1 Rc3 47. Rf3 g5 48. Ba6 Rc6 49. Bb5 Rc1+ 50. Rf1 Rc5 51. Bd3 Rc3 52. Rd1 Rb3 53. Bf1 Rb2 54. Bc4 Bf4 55. Bd5 Be3+ 56. Kf1 Kf6 57. Bf3 Ke5 58. Be2 Kf4 59. Bg4 Rf2+ 60. Kg1 Kg3 61. Bf3 Rxf3+ 62. Kh1 Rf2 63. Re1 g4 64. hxg4 h3 65. Rg1 Rxg2 66. Rxg2+ hxg2# 0-1

[Event "Guimaraes Open 2019"]
[Site "Guimaraes"]
[Date "2019.08.31"]
[Round "5.19"]
[White "Lopez Quevedo, Eduardo"]
[Black "Fernandes, Joao Pedro Murtinho"]
[Result "0-1"]
[ECO "B45"]
[WhiteElo "2188"]
[BlackElo "2044"]
[Annotator "NA"]
[PlyCount "96"]
[EventDate "2019.08.28"]
[EventType "swiss"]
[EventCountry "POR"]
[SourceTitle "playchess.com"]
[Source "ChessBase"]
[SourceQuality "1"]
[TimeControl "5400+30"]

1. e4 c5 2. Nf3 Nc6 3. Nc3 e6 4. d4 cxd4 5. Nxd4 d6 6. h3 Nf6 7. g4 a6 8. Bg2 Qc7 9. O-O Be7 10. Nde2 O-O 11. Be3 Re8 12. g5 Nd7 13. f4 b5 14. f5 Nde5 15. b3 g6 16. Qd2 Bd7 17. Nd4 Nxd4 18. Bxd4 Rac8 19. fxe6 Bxe6 20. Rf2 Bf8 21. Nd5 Bxd5 22. exd5 Bg7 23. a4 Qxc2 24. Qxc2 Rxc2 25. Rxc2 Nf3+ 26. Kh1 Nxd4 27. Rc7 Nxb3 28. Ra3 bxa4 29. Rxa4 Re1+ 30. Bf1 Rxf1+ 31. Kg2 Rf5 32. Rc8+ Bf8 33. h4 Nc5 34. Rb4 Rxd5 35. Rbb8 Ne6 36. Ra8 a5 37. Ra7 Rd4 38. Kg3 a4 39. Re8 Rd3+ 40. Kg2 a3 41. Kf2 d5 42. Kg2 d4 43. Rb8 Rc3 44. Rbb7 d3 45. Rd7 Rc2+ 46. Kf3 a2 47. Rxd3 Bg7 48. Ra8+ Nf8 0-1

[Event "Guimaraes Open 2019"]
[Site "Guimaraes"]
[Date "2019.08.31"]
[Round "5.20"]
[White "Nieves Cabanes, Javier"]
[Black "Sanleon Pravisano, Nieves"]
[Result "1-0"]
[ECO "A09"]
[WhiteElo "2211"]
[BlackElo "1995"]
[Annotator "NA"]
[PlyCount "66"]
[EventDate "2019.08.28"]
[EventType "swiss"]
[EventCountry "POR"]
[SourceTitle "playchess.com"]
[Source "ChessBase"]
[SourceQuality "1"]
[TimeControl "5400+30"]

1. Nf3 d5 2. c4 d4 3. b4 g6 4. g3 Bg7 5. d3 e5 6. Nbd2 Ne7 7. Bg2 O-O 8. O-O Nd7 9. a4 c6 10. a5 Qc7 11. Nb3 f5 12. e3 dxe3 13. Bxe3 Nf6 14. Re1 Re8 15. Rc1 f4 16. Bd2 Bg4 17. Bc3 Bxf3 18. Qxf3 Nf5 19. a6 Rac8 20. axb7 Qxb7 21. b5 fxg3 22. hxg3 Qb8 23. Na5 cxb5 24. Nc6 e4 25. Rxe4 Nxe4 26. dxe4 Qb6 27. exf5 Bxc3 28. Qxc3 Rxc6 29. Bd5+ Kf8 30. Qh8+ Ke7 31. Re1+ Re6 32. Qxe8+ Kxe8 33. Rxe6+ Qxe6 1-0

[Event "Guimaraes Open 2019"]
[Site "Guimaraes"]
[Date "2019.08.31"]
[Round "5.21"]
[White "Jimenez Fernandez, Rebeca"]
[Black "Campora Sivori, Daniel Hugo"]
[Result "0-1"]
[ECO "C66"]
[WhiteElo "1928"]
[BlackElo "2426"]
[Annotator "NA"]
[PlyCount "94"]
[EventDate "2019.08.28"]
[EventType "swiss"]
[EventCountry "POR"]
[SourceTitle "playchess.com"]
[Source "ChessBase"]
[SourceQuality "1"]
[TimeControl "5400+30"]

1. e4 e5 2. Nf3 Nc6 3. Bb5 Nf6 4. O-O d6 5. c3 Be7 6. Re1 O-O 7. h3 Bd7 8. d4 h6 9. Nbd2 Nxd4 10. Nxd4 exd4 11. Bxd7 dxc3 12. Ba4 cxd2 13. Bxd2 Nd7 14. Bxh6 Bf6 15. Bc1 Nc5 16. Bc2 Re8 17. Rb1 a5 18. Qh5 Re5 19. Qg4 Qd7 20. Qxd7 Nxd7 21. f4 Rc5 22. Bd3 Bd4+ 23. Kh2 Rh5 24. g4 Rh6 25. Be3 Bxe3 26. Rxe3 Re6 27. Bc4 Re7 28. g5 Nb6 29. Bd3 Nd5 30. Rf3 Nb4 31. Re1 Nxa2 32. g6 Nb4 33. gxf7+ Kxf7 34. Bb1 Kg8 35. Rg1 Rf8 36. f5 Rf6 37. Rfg3 Kf8 38. h4 c5 39. Rg5 Rh6 40. Kh3 c4 41. f6 Rxf6 42. Rxa5 Nd3 43. b3 Rxe4 44. bxc4 Nf2+ 45. Kg3 Rg4+ 46. Kh2 Rxh4+ 47. Kg2 Rg4+ 0-1

[Event "Guimaraes Open 2019"]
[Site "Guimaraes"]
[Date "2019.08.31"]
[Round "5.22"]
[White "Donadio Falcon, Pablo"]
[Black "Forgas Moreno, Yaniela"]
[Result "0-1"]
[ECO "B50"]
[WhiteElo "1925"]
[BlackElo "2276"]
[Annotator "NA"]
[PlyCount "86"]
[EventDate "2019.08.28"]
[EventType "swiss"]
[EventCountry "POR"]
[SourceTitle "playchess.com"]
[Source "ChessBase"]
[SourceQuality "1"]
[TimeControl "5400+30"]

1. e4 c5 2. Nf3 d6 3. d4 Nf6 4. Nc3 cxd4 5. Bb5+ Nbd7 6. Qxd4 a6 7. Bxd7+ Bxd7 8. Bg5 h6 9. Bh4 g5 10. Bg3 Bg7 11. Qd3 Nh5 12. Nd4 Qa5 13. O-O-O Nxg3 14. hxg3 Rc8 15. Kb1 Qc5 16. f4 b5 17. Rhe1 Qc4 18. Nd5 Bg4 19. Nb6 Qxd3 20. Rxd3 Rc5 21. Nd5 gxf4 22. gxf4 e6 23. Ne3 h5 24. f5 Ke7 25. c3 Be5 26. Rf1 Rg8 27. Rd2 Bg3 28. Ne2 Bxe2 29. Rxe2 Re5 30. Nc2 Rg4 31. Rf3 h4 32. fxe6 fxe6 33. Rfe3 Bf4 34. Rf3 d5 35. Nd4 Rxe4 36. Rxe4 dxe4 37. Rf2 Be3 38. Re2 Bxd4 39. cxd4 Kd6 40. Kc2 Kd5 41. Rd2 e3 42. Re2 Kxd4 43. b3 Rf4 0-1

[Event "Guimaraes Open 2019"]
[Site "Guimaraes"]
[Date "2019.08.31"]
[Round "5.23"]
[White "Basilio, Rodrigo"]
[Black "Garcia Dorado, Alberto"]
[Result "1/2-1/2"]
[ECO "B03"]
[WhiteElo "1782"]
[BlackElo "2205"]
[Annotator "NA"]
[PlyCount "61"]
[EventDate "2019.08.28"]
[EventType "swiss"]
[EventCountry "POR"]
[SourceTitle "playchess.com"]
[Source "ChessBase"]
[SourceQuality "1"]
[TimeControl "5400+30"]

1. e4 Nf6 2. e5 Nd5 3. d4 d6 4. c4 Nb6 5. exd6 cxd6 6. Nf3 Bg4 7. b3 e6 8. Nc3 Be7 9. Be2 O-O 10. Be3 d5 11. c5 Nc8 12. b4 a6 13. O-O Bf6 14. Bf4 Bxf3 15. Bxf3 Nc6 16. Ne2 N8e7 17. Bd6 Re8 18. Bg4 g6 19. f4 Qd7 20. Be5 Bxe5 21. fxe5 Nxb4 22. Rb1 Nbc6 23. Rf6 Kg7 24. Qf1 Ng8 25. Qf4 Nh6 26. Ng3 Nf5 27. Bxf5 exf5 28. Rd6 Qe7 29. Nxf5+ gxf5 30. Rxb7 Qxb7 31. Qg5+ 1/2-1/2

[Event "Guimaraes Open 2019"]
[Site "Guimaraes"]
[Date "2019.08.31"]
[Round "5.24"]
[White "Andrade, Ricardo Sarmento"]
[Black "Garcia Sobrino, David"]
[Result "1-0"]
[ECO "E32"]
[WhiteElo "1756"]
[BlackElo "2195"]
[Annotator "NA"]
[PlyCount "83"]
[EventDate "2019.08.28"]
[EventType "swiss"]
[EventCountry "POR"]
[SourceTitle "playchess.com"]
[Source "ChessBase"]
[SourceQuality "1"]
[TimeControl "5400+30"]

1. d4 e6 2. c4 Nf6 3. Nc3 Bb4 4. Qc2 O-O 5. e4 Bxc3+ 6. bxc3 d6 7. e5 dxe5 8. dxe5 Nfd7 9. Nf3 h6 10. Be2 Nc6 11. Bf4 g5 12. Bg3 g4 13. Nd4 Ncxe5 14. Rd1 Qg5 15. h3 Nf6 16. hxg4 Nexg4 17. Bxc7 e5 18. Nf3 Bf5 19. Qb2 Qg7 20. Qxb7 Nxf2 21. Kxf2 Be4 22. Qa6 Rac8 23. Bd6 Rfe8 24. c5 Bc6 25. Rh3 Ne4+ 26. Kg1 Nxc3 27. Bxe5 Nxe2+ 28. Qxe2 Bxf3 29. Qxf3 Qxe5 30. Rxh6 Rxc5 31. Qg4+ Qg7 32. Qh4 Rc2 33. Qh3 Rce2 34. Rd3 Qa1+ 35. Kh2 Qe5+ 36. Rg3+ Kf8 37. Qh4 Rxg2+ 38. Kxg2 Qe2+ 39. Kh1 Qf1+ 40. Rg1 Qf3+ 41. Rg2 Re1+ 42. Qxe1 1-0

[Event "Guimaraes Open 2019"]
[Site "Guimaraes"]
[Date "2019.08.31"]
[Round "5.25"]
[White "Garcia Gimenez, Santiago"]
[Black "Bertomeu Ginestar, Antoni"]
[Result "1-0"]
[ECO "B30"]
[WhiteElo "2161"]
[BlackElo "1883"]
[Annotator "NA"]
[PlyCount "63"]
[EventDate "2019.08.28"]
[EventType "swiss"]
[EventCountry "POR"]
[SourceTitle "playchess.com"]
[Source "ChessBase"]
[SourceQuality "1"]
[TimeControl "5400+30"]

1. e4 c5 2. Nf3 Nc6 3. b3 e6 4. Bb2 a6 5. Nc3 d6 6. d4 cxd4 7. Nxd4 Nf6 8. Qd2 Be7 9. O-O-O Bd7 10. f4 O-O 11. Be2 Qc7 12. g4 b5 13. g5 b4 14. Ncb5 axb5 15. Nxb5 Qa5 16. gxf6 Bxf6 17. Bxf6 gxf6 18. Rhg1+ Kh8 19. f5 Rg8 20. Qh6 Qd8 21. Nxd6 Qe7 22. Rgf1 Raf8 23. Bb5 Ne5 24. Bxd7 Nxd7 25. Qd2 Nb6 26. Qxb4 Rb8 27. fxe6 fxe6 28. Qc3 e5 29. Qc6 Rg2 30. Kb1 Rxh2 31. Rg1 Rf2 32. Qxb6 1-0

[Event "Guimaraes Open 2019"]
[Site "Guimaraes"]
[Date "2019.08.31"]
[Round "5.26"]
[White "Martins, Jose Carlos Caetano"]
[Black "Prado Acebo, Ines"]
[Result "0-1"]
[ECO "B41"]
[WhiteElo "1655"]
[BlackElo "2142"]
[Annotator "NA"]
[PlyCount "74"]
[EventDate "2019.08.28"]
[EventType "swiss"]
[EventCountry "POR"]
[SourceTitle "playchess.com"]
[Source "ChessBase"]
[SourceQuality "1"]
[TimeControl "5400+30"]

1. e4 c5 2. Nf3 e6 3. d4 cxd4 4. Nxd4 a6 5. Be3 Nf6 6. Nc3 Bb4 7. f3 Qc7 8. Bd2 O-O 9. Bd3 Bc5 10. Nb3 Ba7 11. Qe2 Nc6 12. O-O-O b5 13. f4 d6 14. g4 b4 15. Nb1 a5 16. g5 Nd7 17. Bb5 Bb7 18. Rdf1 Bb6 19. Qh5 Rfc8 20. Rf3 a4 21. g6 hxg6 22. Qh4 axb3 23. Rh3 Kf8 24. Qh8+ Ke7 25. Qxg7 Rg8 26. Qh7 Rh8 27. Qxh8 Rxh8 28. Rxh8 bxa2 29. f5 a1=Q 30. Bg5+ Nf6 31. Bh6 exf5 32. Bf8+ Ke6 33. exf5+ gxf5 34. Bc4+ d5 35. Re1+ Ne5 36. Bxb4 Qxc4 37. Bc3 d4 0-1

[Event "Guimaraes Open 2019"]
[Site "Guimaraes"]
[Date "2019.08.31"]
[Round "5.30"]
[White "Sismeiro, Miguel Borges Espera"]
[Black "Guimarães, Henrique Oliveira"]
[Result "1-0"]
[ECO "A00"]
[WhiteElo "2054"]
[BlackElo "1412"]
[Annotator "NA"]
[PlyCount "47"]
[EventDate "2019.08.28"]
[EventType "swiss"]
[EventCountry "POR"]
[SourceTitle "playchess.com"]
[Source "ChessBase"]
[SourceQuality "1"]
[TimeControl "5400+30"]

1. g3 d5 2. Bg2 e6 3. Nf3 Nf6 4. c4 c5 5. O-O Nc6 6. b3 Be7 7. Bb2 O-O 8. e3 b6 9. Nc3 Bb7 10. cxd5 exd5 11. d4 Re8 12. Rc1 Rc8 13. dxc5 bxc5 14. Rc2 Bf8 15. Rd2 Ne5 16. Nxd5 Ne4 17. Nxe5 Nxd2 18. Qxd2 Bxd5 19. Qxd5 Qxd5 20. Bxd5 Rc7 21. Nc4 Rd8 22. e4 Bd6 23. Nxd6 Rxd6 24. Be5 1-0

[Event "Guimaraes Open 2019"]
[Site "Guimaraes"]
[Date "2019.08.31"]
[Round "5.31"]
[White "Redondo Arguelles, Graciela"]
[Black "Pinto, Jose Joao Meireles A"]
[Result "1-0"]
[ECO "B20"]
[WhiteElo "2021"]
[BlackElo "1172"]
[Annotator "NA"]
[PlyCount "189"]
[EventDate "2019.08.28"]
[EventType "swiss"]
[EventCountry "POR"]
[SourceTitle "playchess.com"]
[Source "ChessBase"]
[SourceQuality "1"]
[TimeControl "5400+30"]

1. e4 c5 2. b3 d6 3. Bb2 Nc6 4. Nf3 Bd7 5. Bc4 Nf6 6. Nc3 g6 7. Nd5 Bg7 8. Nxf6+ Bxf6 9. Bxf6 exf6 10. O-O O-O 11. h3 Re8 12. Re1 Ne5 13. Bd5 Bc6 14. Bxc6 Nxc6 15. d4 b6 16. c4 Qc7 17. Qd2 Kg7 18. Rad1 Re7 19. Qf4 Rd8 20. Rd3 Qb8 21. Red1 Nb4 22. Re3 Nxa2 23. Nh2 h5 24. g4 h4 25. Rf3 Rde8 26. Qxf6+ Kg8 27. g5 Qb7 28. Ng4 Rf8 29. Qxd6 Re6 30. Rxf7 Rxd6 31. Rxb7 cxd4 32. e5 Rdd8 33. e6 Nc3 34. Rf1 Ne2+ 35. Kh2 Rde8 36. e7 Rf7 37. Nf6+ Rxf6 38. gxf6 Kf7 39. Rd7 Kxf6 40. Re1 d3 41. Rxd3 Rxe7 42. Rf3+ Kg5 43. Re3 Rxe3 44. fxe3 Nc3 45. Kg2 Kf5 46. Kf3 Ne4 47. Rd1 Ng5+ 48. Kg2 Ne6 49. Rd5+ Ke4 50. Rd6 Ke5 51. Rd7 Nc5 52. Rxa7 Nxb3 53. Re7+ Kd6 54. Rg7 Kc5 55. Rxg6 Nd2 56. Kf2 Nxc4 57. Rg5+ Kb4 58. Rg4 Kc3 59. Rxh4 b5 60. Rh8 b4 61. h4 b3 62. Rb8 Ne5 63. Rxb3+ Kxb3 64. h5 Kc3 65. Kg3 Nf7 66. Kf4 Kd3 67. e4 Kd4 68. Kf5 Nh6+ 69. Kg6 Ng4 70. Kf5 Nh6+ 71. Kg5 Nf7+ 72. Kf6 Nh6 73. e5 Ng4+ 74. Kf5 Ne3+ 75. Kg6 Ng4 76. e6 Ne5+ 77. Kf6 Ng4+ 78. Kg7 Ke5 79. e7 Nf6 80. h6 Nh5+ 81. Kf8 Nf6 82. e8=Q+ Nxe8 83. h7 Nc7 84. h8=Q+ Kd5 85. Ke7 Ke4 86. Kd6 Nb5+ 87. Kc5 Nc7 88. Qh7+ Kf3 89. Qxc7 Kg2 90. Qf4 Kh1 91. Qd2 Kg1 92. Kd4 Kh1 93. Ke4 Kg1 94. Kf3 Kh1 95. Qg2# 1-0

[Event "Guimaraes Open 2019"]
[Site "Guimaraes"]
[Date "2019.08.31"]
[Round "5.32"]
[White "Tevar Becerra, Alvaro"]
[Black "Areal, Maria Beatriz Moura"]
[Result "1-0"]
[ECO "B31"]
[WhiteElo "1990"]
[BlackElo "1141"]
[Annotator "NA"]
[PlyCount "59"]
[EventDate "2019.08.28"]
[EventType "swiss"]
[EventCountry "POR"]
[SourceTitle "playchess.com"]
[Source "ChessBase"]
[SourceQuality "1"]
[TimeControl "5400+30"]

1. e4 c5 2. Nf3 Nc6 3. Bb5 g6 4. O-O Bg7 5. Re1 Qb6 6. Bxc6 Qxc6 7. c3 Nf6 8. e5 Nd5 9. d4 cxd4 10. Nxd4 Qa6 11. Nf5 gxf5 12. Qxd5 Qg6 13. Bf4 O-O 14. Nd2 Rb8 15. Re3 Qb6 16. Nc4 Qd8 17. Rg3 Kh8 18. Qd3 e6 19. Bg5 Qc7 20. Bf6 Bxf6 21. exf6 d5 22. Rg7 Rg8 23. Rxg8+ Kxg8 24. Nd2 Qe5 25. c4 Ra8 26. cxd5 exd5 27. Qb5 a6 28. Qb6 Qe8 29. Qc7 Qd7 30. Qg3+ 1-0